 Dungeon Crawl Stone Soup version 0.30-a0-757-ga6a79fd877 (webtiles) character file.

Game seed: 11262313597191396534

3 IdlyInterested the Slasher (level 1, 0/16 HPs)
             Began as a Formicid Gladiator on Feb 9, 2023.
             Slain by a kobold
             ... wielding a +0 whip
              (4 damage)
             ... on level 1 of the Dungeon.
             The game lasted 00:00:30 (71 turns).

IdlyInterested the Slasher (Formicid Gladiator)       Turns: 71, Time: 00:00:31

Health: 0/16       AC:  3    Str: 18    XL:     1   Next: 55%
Magic:  1/1        EV: 12    Int:  7    God:
Gold:   0          SH:  0    Dex: 15    Spells: 0/0 levels left

rFire   . . .      SeeInvis +    a - +0 long sword
rCold   . . .      Faith    .    (no shield)
rNeg    . . .      Spirit   .    b - +0 leather armour
rPois   .          Reflect  .    (helmet unavailable)
rElec   .          Harm     .    (no cloak)
rCorr   .          Rampage  .    (no gloves)
Will    .....                    (no boots)
Stlth   +                        (no amulet)
HPRegen 0.22/turn                (no ring)
MPRegen 0.07/turn                (no ring)

@: no status effects
A: permanent stasis, dig shafts and tunnels, antennae 3, four strong arms
a: Dig, Shaft Self


You were on level 1 of the Dungeon.
You visited 1 branch of the dungeon, and saw 1 of its levels.

Inventory:

Hand Weapons
 a - a +0 long sword (weapon)
Missiles
 c - 3 throwing nets (quivered)
 d - a javelin
Armour
 b - a +0 leather armour (worn)


   Skills:
 - Level 2.1 Fighting
 * Level 3.1 Long Blades
 - Level 2.0 Throwing
 + Level 0.4 Armour
 - Level 2.6 Dodging


You couldn't memorise any spells.
You didn't know any spells.
Your spell library was empty.

Dungeon Overview and Level Annotations

Branches:
Dungeon (1/15)

Altars:


Innate Abilities, Weirdness & Mutations

You cannot be hasted, slowed, berserked, paralysed or teleported.
You can dig through walls and to a lower floor.
You have a pair of large antennae on your head. (SInv)
Your four strong arms can wield two-handed weapons with a shield.


Message History

You hit the endoplasm.
You kill the endoplasm!
HP restored.
You sense a monster nearby.
A bat comes into view.
You barely miss the bat. The bat closely misses you.
You hit the bat.
You kill the bat!
You see here a bat corpse.
A kobold comes into view. It is wielding a +0 dagger.
The kobold shouts!
A hobgoblin comes into view.
The hobgoblin shouts!
You see here a metallic inky potion.
Found a stone staircase leading down.
The kobold misses you.
A kobold comes into view. It is wielding a +0 whip.
You closely miss the kobold. The kobold hits you but does no damage.
The kobold throws a stone.
The stone closely misses you.
You hit the kobold but do no damage. The kobold hits you with a +0 dagger.
You miss the kobold. The kobold hits you with a +0 dagger.
You barely miss the kobold. The kobold hits you but does no damage.
The kobold hits you with a +0 dagger. The hobgoblin misses you.
You barely miss the kobold. The kobold completely misses you.
The hobgoblin closely misses you.
You completely miss the kobold. The kobold closely misses you.
The kobold throws a stone.
The stone closely misses you. The hobgoblin barely misses you.
You hit the kobold.
You kill the kobold!
The hobgoblin barely misses you.
You barely miss the kobold. The hobgoblin hits you.
The kobold hits you with a +0 whip. The hobgoblin hits you.
The kobold misses you.
You barely miss the hobgoblin. The kobold hits you with a +0 whip.
* * * LOW HITPOINT WARNING * * *
The hobgoblin closely misses you.
You slash the hobgoblin!
You kill the hobgoblin!
The kobold hits you with a +0 whip.
You die...

.########## ##########
...........# ##........#
........^..# #.........#
..........###.........#
###....................#
≈...........†..!@).....#
#........##...†K.....#
#........##..........#
###........##..........#
#.#####..####..........#
.......................>
#........##.............
......#...#.##.##..#.##.
......#...#.#


You could see a kobold.

Vanquished Creatures
  An endoplasm (D:1)
  A hobgoblin (D:1)
  A bat (D:1)
  A kobold (D:1)
  A rat (D:1)
5 creatures vanquished.

Notes
Turn   | Place    | Note
-------+----------+-------------------------------------------
     0 | D:1      | IdlyInterested the Formicid Gladiator began the quest for
                  | the Orb.
     0 | D:1      | Reached XP level 1. HP: 16/16 MP: 1/1
    71 | D:1      | Slain by a kobold

Illustrated notes

Levels and vault maps discovered:
D:1:      giann_forest_graveyard, layout_basic, corexii_corridor_pit,
          columned_hall_lemuel, kennysheep_pointless_box, chequers_avenue

Action                     || total
---------------------------++-------
  Melee: Long sword        ||    15
 Armour: Leather armour    ||     2
  Dodge: Dodged            ||    12

Table legend: (Time is in decaauts)
 A = Elapsed time spent in this place.
 B = Non-inter-level travel time spent in this place.
 C = Inter-level travel time spent in this place.
 D = Time resting spent in this place.
 E = Time spent auto-exploring this place.
 F = Levels seen in this place.
 G = Mean time per level.
                   A        B        C        D        E       F      G
               +--------+--------+--------+--------+--------+-----+--------+
         Total |     74 |     74 |      0 |      0 |     39 |   1 |   74.0 |
       Dungeon |     74 |     74 |      0 |      0 |     39 |   1 |   74.0 |
               +--------+--------+--------+--------+--------+-----+--------+

Top non-repeatable levels by time:
     D:1: 74 daAuts
